 Dungeon Crawl Stone Soup version 0.31-a0-152-g6aa68a64a1 (webtiles) character file.

Game seed: 929224152483324030

44 qw the Shooter (level 3, -1/32 HPs)
             Began as a Naga Hunter on June 9, 2023.
             Slain by a goblin
             ... wielding a +0 club
             ... led by Robin
              (5 damage)
             ... on level 2 of the Dungeon.
             The game lasted 00:00:20 (737 turns).

qw the Shooter (Naga Hunter)                         Turns: 737, Time: 00:00:21

Health: -1/32      AC:  2    Str: 13    XL:     3   Next: 62%
Magic:  3/3        EV:  9    Int:  9    God:
Gold:   106        SH:  0    Dex: 16    Spells: 2/2 levels left

rFire   . . .        Y - +0 shortbow (freeze)
rCold   . . .        (shield currently unavailable)
rNeg    + . .        c - +0 leather armour
rPois   +            (no helmet)
rElec   .            (no cloak)
rCorr   .            (no gloves)
SInv    +            (no barding)
Will    .....        (no amulet)
Stlth   ++           j - ring of positive energy
HPRegen 0.25/turn    (no ring)
MPRegen 0.08/turn

%: no passive effects
@: very slow
A: AC +1, large, see invisible, deformed body, poison resistance, slowness 2,
spit poison 1, naga tail 1
a: Spit Poison


You were on level 2 of the Dungeon.
You visited 1 branch of the dungeon, and saw 2 of its levels.

You collected 106 gold pieces.


Innate Abilities, Weirdness & Mutations

Your serpentine skin is tough. (AC +1)
You have supernaturally acute eyesight. (SInv)
Armour fits poorly on your strangely shaped body.
Your system is resistant to poisons. (rPois)
You cover ground very slowly.
You can spit poison.
You have a snake-like lower body.


   Skills:
 - Level 2.0 Fighting
 + Level 4.8 Ranged Weapons
 - Level 1.5 Dodging
 - Level 1.5 Stealth


You had 2 spell levels left.
You didn't know any spells.
Your spell library was empty.

Inventory:

Hand Weapons
 Y - a +0 shortbow of freezing (weapon)
Armour
 c - a +0 leather armour (worn)
Jewellery
 j - a ring of positive energy (left hand)
Scrolls
 a - a scroll of identify
Potions
 b - a potion of heal wounds {unknown}
 i - a potion of curing {unknown}
 k - a potion of degeneration {unknown}

Dungeon Overview and Level Annotations

Branches:
Dungeon (2/15)

Altars:

Annotations:
D:2 Robin


Message History

The adder bites you.
You hear a shout!
You shoot an arrow. The arrow misses the adder.
A goblin comes into view. It is wielding a +0 club.
Robin hits you from afar with a +0 spear.
The adder closely misses you.
A goblin comes into view. It is wielding a +0 club.
Robin throws the goblin at you!
A goblin comes into view. It is wielding a +0 club.
You shoot an arrow. The arrow hits the adder!
The adder seems to slow down.
The arrow freezes the adder.
You kill the adder!
The goblin hits you with a +0 club. Robin throws the goblin at you!
You shoot an arrow. The arrow completely misses the goblin.
You have got your breath back.
A goblin comes into view. It is wielding a +0 club.
The goblin misses you. The goblin hits you with a +0 club.
Robin barely misses you.
734 ||| INVOKING Spit Poison.
Aiming: Spit Poison (2% risk of failure)
Press: ? - help, Shift-Dir - straight line, f/p - goblin The splash of poison hits the goblin!
The goblin is poisoned.
You kill the goblin!
The goblin hits you with a +0 club.
Robin roars a battlecry!
The goblin goes into a battle-frenzy!
You shoot an arrow. The arrow hits the goblin.
The arrow freezes the goblin.
You kill the goblin!
Robin completely misses you.
You shoot an arrow. The arrow hits Robin.
The arrow freezes Robin.
Robin is moderately wounded.
Robin throws the goblin at you! The goblin hits you but does no damage.
You shoot an arrow. The arrow barely misses the goblin.
You have got your breath back.
A hobgoblin comes into view.
The goblin hits you with a +0 club. Robin throws the goblin at you!
The goblin hits you but does no damage.
A goblin comes into view. It is wielding a +0 club.
The goblin hits you with a +0 club.
You die...

g. .. )# g) g# # ###g#
.#.###### ##.#%#
........#####..@?###.
..............gg.......
..%####.#####..........
..# #.# #..#.##.)#. #
#.# #.# #.##.# ..#
#.#.# #.# #.# .# #.
#.#.###.# #.# .#
#.......# #.# .#
###.##### #%.


You could see Robin, a hobgoblin and 4 goblins.

Vanquished Creatures
  An adder (D:2)
  A dart slug (D:2)
  2 endoplasms (D:1)
  7 goblins
  4 hobgoblins
  2 jackals (D:1)
  2 kobolds
  A quokka (D:1)
  3 ball pythons (D:1)
  2 bats (D:1)
  4 frilled lizards (D:1)
  4 rats
33 creatures vanquished.

Notes
Turn   | Place    | Note
-------+----------+-------------------------------------------
     0 | D:1      | qw the Naga Hunter began the quest for the Orb.
     0 | D:1      | Reached XP level 1. HP: 19/19 MP: 1/1
     0 | D:1      | 0 ||| qw: Version: 0.2-a-122-gbc61b45
     0 | D:1      | 0 ||| qw: Game counter: 3282
     0 | D:1      | 0 ||| qw: Always use a shield: true
     0 | D:1      | 0 ||| qw: God list: Okawaru
     0 | D:1      | 0 ||| qw: Allow faded altars: false
     0 | D:1      | 0 ||| qw: Do Orc after D:15 true
     0 | D:1      | 0 ||| qw: Do second Lair branch before Depths: true
     0 | D:1      | 0 ||| qw: Lair rune preference: random
     0 | D:1      | 0 ||| qw: Plans: Normal
     0 | D:1      | 0 ||| PLANNING D:1-11
    86 | D:1      | 86 ||| INVOKING Spit Poison.
    95 | D:1      | 95 ||| INVOKING Spit Poison.
   101 | D:1      | 101 ||| INVOKING Spit Poison.
   155 | D:1      | 155 ||| INVOKING Spit Poison.
   157 | D:1      | Reached skill level 4 in Ranged Weapons
   157 | D:1      | Reached XP level 2. HP: 26/26 MP: 2/2
   197 | D:1      | 197 ||| INVOKING Spit Poison.
   203 | D:1      | 203 ||| INVOKING Spit Poison.
   227 | D:1      | 227 ||| INVOKING Spit Poison.
   277 | D:1      | 277 ||| INVOKING Spit Poison.
   318 | D:1      | 318 ||| INVOKING Spit Poison.
   323 | D:1      | 323 ||| INVOKING Spit Poison.
   346 | D:1      | 346 ||| INVOKING Spit Poison.
   400 | D:1      | 400 ||| INVOKING Spit Poison.
   533 | D:1      | 533 ||| INVOKING Spit Poison.
   539 | D:1      | 539 ||| INVOKING Spit Poison.
   542 | D:1      | 542 ||| INVOKING Spit Poison.
   547 | D:1      | 547 ||| INVOKING Spit Poison.
   635 | D:1      | 635 ||| UPGRADING to ring of positive energy.
   636 | D:1      | 636 ||| READING 2 scrolls labelled LAJE CA PYAHA.
   637 | D:1      | 637 ||| READING scroll labelled JYONAL CUXOE.
   638 | D:1      | 638 ||| READING scroll labelled NISTA AFOUTS.
   639 | D:1      | 639 ||| READING scroll labelled VAIBBARGHIALE.
   640 | D:1      | 640 ||| READING scroll labelled QUDEOX WOCSARY.
   641 | D:1      | 641 ||| DROPPING scroll of butterflies.
   651 | D:2      | 651 ||| INVOKING Spit Poison.
   652 | D:2      | Reached XP level 3. HP: 32/32 MP: 3/3
   657 | D:2      | 657 ||| INVOKING Spit Poison.
   724 | D:2      | 724 ||| INVOKING Spit Poison.
   727 | D:2      | Noticed Robin
   729 | D:2      | 729 ||| INVOKING Spit Poison.
   734 | D:2      | 734 ||| INVOKING Spit Poison.
   734 | D:2      | HP: 8/32 [goblin/+0 club[Robin] (5)]
   737 | D:2      | Slain by a goblin

Levels and vault maps discovered:
D:1:      dpeg_arrival_snail, layout_basic, chequers_serial_rivers_marsh
D:2:      layout_loops_corners, minmay_small_reverse_x, uniq_robin

Skill      XL: |  1 |
---------------+----+-----
Ranged Weapons | 4 |  4.8
Fighting       | |  2.0
Dodging        | |  1.5
Stealth        | |  1.5

Action                     || total
---------------------------++-------
   Fire: Shortbow          ||    61
Ability: Spit Poison       ||    21
    Use: Scroll            ||     5
 Armour: Leather armour    ||    13
  Dodge: Dodged            ||    21

Table legend:
 A = Non-vault XP
 B = Vault XP
 C = Vault XP percentage of total XP
 D = Non-vault monster count
 E = Vault monster count
 F = Vault count percentage of total count
                 A         B        C        D         E       F
            +---------+---------+-------+---------+---------+-------
      Total |      53 |      11 |  17.2 |      27 |       6 |  18.2
            +---------+---------+-------+---------+---------+-------
        D:1 |      32 |       0 |   0.0 |      22 |       0 |   0.0
        D:2 |      21 |      11 |  34.4 |       5 |       6 |  54.5
            +---------+---------+-------+---------+---------+-------
